 Dungeon Crawl Stone Soup version 0.29.1-2-gbd0b4ee654 (webtiles) character file.

Game seed: 11449906732529819196

20 GorkyZ the Chopper (level 2, -1/18 HPs)
             Began as a Gargoyle Gladiator on Nov 30, 2022.
             Slain by Terence
             ... wielding a +0 short sword
              (4 damage)
             ... on level 2 of the Dungeon.
             The game lasted 00:01:33 (1128 turns).

GorkyZ the Chopper (Gargoyle Gladiator)             Turns: 1128, Time: 00:01:33

Health: -1/18      AC: 12    Str: 17    XL:     2   Next: 79%
Magic:  2/2        EV:  7    Int:  8    God:
Gold:   57         SH:  0    Dex: 11    Spells: 1/1 levels left

rFire   . . .      SeeInvis .   a - +0 war axe
rCold   . . .      Faith    .   (no shield)
rNeg    + . .      Spirit   .   i - +0 chain mail
rPois   ∞          Reflect  .   c - +0 helmet
rElec   +          Harm     .   (no cloak)
rCorr   .          Rampage  .   (no gloves)
Will    .....                   (no boots)
Stlth   ..........              (no amulet)
HPRegen 0.06/turn               (no ring)
MPRegen 0.08/turn               (no ring)

@: no status effects
A: sickness immunity, AC +2, negative energy resistance 1, electricity
resistance, torment resistance 1, petrification resistance
a: no special abilities


You were on level 2 of the Dungeon.
You visited 1 branch of the dungeon, and saw 2 of its levels.

You collected 57 gold pieces.

Inventory:

Hand Weapons
 a - a +0 war axe (weapon)
Missiles
 d - 3 throwing nets (quivered)
 e - a javelin
Armour
 b - a +0 leather armour
 c - a +0 helmet (worn)
 i - a +0 chain mail (worn)
Scrolls
 f - a scroll of enchant armour {unknown}
 h - a scroll of vulnerability {unknown}
Potions
 g - a potion of resistance {unknown}
 j - a potion of curing {unknown}


   Skills:
 + Level 2.4 Fighting
 + Level 2.9 Axes
 + Level 2.0 Throwing
 + Level 0.5 Armour
 + Level 2.5 Dodging
 + Level 0.5 Shields
 + Level 0.3 Evocations


You had one spell level left.
You didn't know any spells.
Your spell library was empty.

Dungeon Overview and Level Annotations

Branches:
Dungeon (2/15)

Altars:

Annotations:
D:2 Terence


Innate Abilities, Weirdness & Mutations

You are immune to sickness and miasma.
Your stone body is resilient. (AC +2)
You are immune to poison.
You resist negative energy. (rN+)
You are resistant to electric shocks. (rElec)
You are resistant to unholy torment.
You are immune to petrification.


Message History

You hit the ball python.
You kill the ball python!
No target in view!
No target in view!
No target in view!
No target in view!
No target in view!
You open the door.
There is an open door here.
There is an open door here.
Done exploring.
Done exploring.
There is a stone staircase leading down here.
You climb downwards.
Terence shouts!
Found a stone staircase leading up.
There is a stone staircase leading up here.
You closely miss the kobold. The kobold hits you but does no damage.
You hit Terence.
Terence is lightly wounded.
You barely miss the kobold. The bat barely misses you.
Terence closely misses you. The kobold hits you but does no damage.
A rat comes into view.
The bat closely misses you.
You barely miss Terence.
Terence is lightly wounded.
You hit the bat but do no damage. You hit the kobold.
You kill the kobold!
The bat hits you but does no damage.
Terence hits you with a +0 short sword. x2
You closely miss Terence.
Terence is lightly wounded.
You closely miss the bat. The bat hits you but does no damage. x2
Terence hits you with a +0 short sword.
* * * LOW HITPOINT WARNING * * *
You barely miss Terence.
Terence is lightly wounded.
You slash the bat!
You kill the bat!
Terence hits you with a +0 short sword.
You die...

... #.. #..
###.r#####
........#
#......##.#
#<.).......
#.@@......#
##.....##.#
#.##### #.
#. .. ##


You could see Terence and a rat.

Vanquished Creatures
  A dart slug (D:1)
  4 ball pythons (D:1)
  2 endoplasms (D:1)
  2 giant cockroaches (D:1)
  3 goblins (D:1)
  A hobgoblin (D:1)
  A bat (D:2)
  2 kobolds
  2 rats (D:1)
18 creatures vanquished.

Notes
Turn   | Place    | Note
-------+----------+-------------------------------------------
     0 | D:1      | GorkyZ the Gargoyle Gladiator began the quest for the Orb.
     0 | D:1      | Reached XP level 1. HP: 12/12 MP: 1/1
   320 | D:1      | Reached XP level 2. HP: 17/17 MP: 2/2
  1123 | D:2      | Noticed Terence
  1128 | D:2      | Slain by Terence

Illustrated notes

Levels and vault maps discovered:
D:1:      lightli_arrival_quake, layout_basic
D:2:      layout_basic, basic_altar, uniq_robin, uniq_sigmund, uniq_terence

Skill      XL: |  1  2 |
---------------+-------+-----
Throwing       | 2 |  2.0
Fighting       | |  2.4
Axes           | |  2.9
Armour         | |  0.5
Dodging        | |  2.5
Shields        | |  0.5
Evocations     | |  0.3

Action                   || total
-------------------------++-------
Melee: War axe           ||    44
 Stab: Sleeping          ||     1
Armor: Leather armour    ||    14
       Chain mail        ||     6
Dodge: Dodged            ||    23
